 Dungeon Crawl Stone Soup version 0.28-a0-519-gbfeecf2fc5 (webtiles) character file.

Game seed: 4548644430611487705

800 jt the Cleaver (level 8, -2/58 HPs)
             Began as a Formicid Cinder Acolyte on Sept 23, 2021.
             Was an Elder of Ignis.
             Slain by Duvessa (9 damage)
             ... on level 4 of the Dungeon.
             The game lasted 00:15:21 (6731 turns).

jt the Cleaver (Formicid Cinder Acolyte)            Turns: 6731, Time: 00:15:22

Health: -2/58      AC:  8    Str: 25    XL:     8   Next: 13%
Magic:  5/9        EV:  9    Int: 14    God:    Ignis [****..]
Gold:   392        SH:  0    Dex:  8    Spells: 7/9 levels left

rFire   + . .      SeeInvis +   a - -1 hand axe (flame)
rCold   + . .      Faith    .   (no shield)
rNeg    . . .      Spirit   .   C - +0 scale mail
rPois   .          Reflect  .   (helmet unavailable)
rElec   .          Harm     .   (no cloak)
rCorr   .          Rampage  .   (no gloves)
Will    .....                   v - +1 pair of boots
Stlth   ..........              (no amulet)
HPRegen 0.19/turn               j - +6 ring of strength
MPRegen 0.11/turn               x - ring of protection from cold

@: very slightly contaminated
A: permanent stasis, dig shafts and tunnels, antennae 3, four strong arms
a: Dig, Shaft Self, Renounce Religion, Sea of Fire, Foxfire Swarm, Rising Flame


You were on level 4 of the Dungeon.
You worshipped Ignis.
Ignis was greatly pleased with you.
You visited 2 branches of the dungeon, and saw 6 of its levels.

You collected 392 gold pieces.

Inventory:

Hand Weapons
 a - a -1 hand axe of flaming (weapon)
 b - the +11 arbalest "Beetleslayer" {freeze, rF+ Int+4}
   (You found it on level 5 of the Dungeon)

   Any ammunition fired from it freezes those it strikes, dealing additional
   cold damage.
   It can also slow down cold-blooded creatures.
   Int:       It affects your intelligence (+4).
   rF:        It protects you from fire.
 h - a +0 spear
 o - a +0 war axe
 q - a +4 falchion
Missiles
 e - a throwing net
 g - 96 stones
 i - 16 bolts
 m - 49 arrows
 r - 17 poisoned darts
 w - 18 sling bullets
Armour
 v - a +1 pair of boots (worn)
 C - a +0 scale mail (worn)
Jewellery
 j - a +6 ring of strength (left hand)
 p - a ring of fire
 x - a ring of protection from cold (right hand)
Wands
 f - a wand of flame (13)
 u - a wand of digging (6)
Scrolls
 d - a scroll of fear
 n - a scroll of fog
 y - a scroll of torment
Potions
 k - a potion of degeneration {unknown}
 l - a potion of mutation {unknown}
 s - a potion of resistance {unknown}
 t - a potion of haste {unknown}
 z - 3 potions of curing
 A - a potion of heal wounds
 B - a potion of attraction {unknown}


   Skills:
 - Level 3.2 Fighting
 + Level 9.1 Axes
 - Level 1.1 Spellcasting
 - Level 3.0 Fire Magic


You had 7 spell levels left.
You knew the following spells:

 Your Spells              Type           Power      Damage    Failure   Level
a - Scorch                Fire           18%        2d5       28%         2

Your spell library contained the following spells:

 Spells                   Type           Power      Damage    Failure   Level
 Ensorcelled Hibernation  Hex/Ice        0%         N/A       67%         2
 Lesser Beckoning         Tloc           0%         N/A       88%         3
 Spider Form              Tmut/Pois      0%         N/A       88%         3
 Manifold Assault         Tloc           0%         N/A       100%        5
 Summon Forest            Summ/Tloc      0%         N/A       100%        5
 Eringya's Noxious Bog    Tmut/Pois      0%         N/A       100%        6
 Summon Hydra             Summ           0%         N/A       100%        7
 Blink                    Tloc           Unusable   N/A       N/A         2

Dungeon Overview and Level Annotations

Branches:
Dungeon (5/15)             Temple (1/1) D:4

Altars:
Ashenzari
Cheibriados
Dithmenos
Fedhas
Gozag
Hepliaklqana
Kikubaaqudgha
Makhleb
Nemelex Xobeh
Okawaru
Qazlal
Ru
Sif Muna
Uskayaw
Vehumet
Wu Jian
Yredelemnul
Zin

Shops:
D:1 *   D:2 ?   D:4 [[(*=

Annotations:
D:4 Duvessa


Innate Abilities, Weirdness & Mutations

You cannot be hasted, slowed, berserked, paralysed or teleported.
You can dig through walls and to a lower floor.
You have a pair of large antennae on your head. (SInv)
Your four strong arms can wield two-handed weapons with a shield.


Message History

Confirm with . or Enter, or press ? or * to list all spells.
You miscast Scorch.
You are very lightly contaminated with residual magic.
Nothing appears to happen.
The foxfire hits Duvessa but does no damage. x6
The foxfire hits Duvessa.
Duvessa is lightly wounded.
The foxfire hits Duvessa.
Duvessa is lightly wounded.
The foxfire hits Duvessa.
Duvessa is lightly wounded.
The foxfire hits Duvessa but does no damage.
Duvessa is lightly wounded.
The foxfire hits Duvessa.
Duvessa is lightly wounded.
The foxfire hits Duvessa but does no damage.
Duvessa is lightly wounded.
Duvessa hits you with a +0 rapier!!
The foxfire hits Duvessa but does no damage.
Duvessa is lightly wounded.
Duvessa hits you with a +0 rapier.
The foxfire hits Duvessa but does no damage.
Duvessa is lightly wounded.
Casting: Scorch (dangerous; 28% risk of failure)
Confirm with . or Enter, or press ? or * to list all spells.
Flames lash Duvessa.
Duvessa is lightly wounded.
Duvessa's fire resistance burns away.
The foxfire hits Duvessa but does no damage.
Duvessa is lightly wounded.
The foxfire hits Duvessa.
Duvessa is burned terribly!
Duvessa is moderately wounded.
The foxfire hits Duvessa but does no damage.
Duvessa is moderately wounded.
Duvessa hits you with a +0 rapier.
* * * LOW HITPOINT WARNING * * *
Flames leap up around you! Duvessa hits you with a +0 rapier!
* * * LOW HITPOINT WARNING * * *
Duvessa hits you with a +0 rapier!
You die...

# #.####.###.# #...# #
#..........## #.### #
#.#).#...#..## #.# #
#...##.⌠.##..####.### #
#.)##.....##........# #
#.##..#.#..##..##.#.###
#####....##.##vvvvv##.....#
........##...##vvv##.#.##.######
......⌠....>..vv@v#.###.#......#
#####...##.).##vev##.#.##.#..>[#
#....##.##vvvv###.....##...#
#.##..#)#..##.###.#.#....∩.#
#..##.....##.....<#.#.#....#
#e..##.⌠.##(([.####.#.##.<.#
#####.#..#...#(.##.# #.#.##...#
.){............###.# #.#....#.##
#####.....##...###.####.#.####...


You could see Duvessa (berserk, combustible, ally target).

Vanquished Creatures
  A yak (D:5)
  A black bear (D:2)
  3 ogres
  Dowan (D:4)
  An orc priest (D:5)
  An iguana (D:4)
  An orc wizard (D:3)
  A hound skeleton (D:5)
  4 gnolls (D:5)
  4 adders
  An adder skeleton (D:4)
  2 worms (D:3)
  A dart slug (D:1)
  11 orcs
  8 endoplasms
  3 giant cockroaches
  8 hobgoblins
  6 kobolds
  6 quokkas
  5 ball pythons
  6 bats
  4 frilled lizards
  5 goblins
  7 rats
91 creatures vanquished.

Vanquished Creatures (others)
  37 foxfires
  A fungus (D:2)
  9 plants
  5 withered plants (D:5)
52 creatures vanquished.

Grand Total: 143 creatures vanquished

Notes
Turn   | Place    | Note
-------+----------+-------------------------------------------
     0 | D:1      | jt the Formicid Cinder Acolyte began the quest for the Orb.
     0 | D:1      | Reached XP level 1. HP: 18/18 MP: 2/2
   222 | D:1      | Reached XP level 2. HP: 24/24 MP: 3/3
   225 | D:1      | Learned a level 2 spell: Scorch
   547 | D:1      | Found Hujotich's General Store.
   983 | D:2      | Reached skill level 4 in Axes
   983 | D:2      | Reached XP level 3. HP: 29/29 MP: 1/4
  1016 | D:2      | Noticed a black bear
  2112 | D:3      | Reached XP level 4. HP: 27/35 MP: 0/5
  2833 | D:3      | Reached skill level 5 in Axes
  3369 | D:3      | Reached XP level 5. HP: 37/41 MP: 1/6
  3644 | D:4      | Found a staircase to the Ecumenical Temple.
  3661 | Temple   | Entered the Ecumenical Temple
  3875 | D:4      | Noticed an ogre
  3881 | D:4      | Killed an ogre
  3882 | D:4      | Reached skill level 6 in Axes
  3882 | D:4      | Reached XP level 6. HP: 47/47 MP: 0/7
  4044 | D:4      | Noticed Duvessa
  4045 | D:4      | Noticed Dowan
  4217 | D:4      | Found Xynkoy's General Store.
  4256 | D:4      | Found Telausch's Weapon Boutique.
  4409 | D:4      | Found Doenath's Antique Armour Shop.
  4497 | D:4      | Found Sej Raer's Antique Armour Boutique.
  4729 | D:5      | Entered Level 5 of the Dungeon
  4751 | D:5      | Noticed an ogre
  4847 | D:5      | Found an ornate altar of the Wu Jian Council.
  4902 | D:5      | Found an ancient bone altar of Kikubaaqudgha.
  4904 | D:5      | Found a blossoming altar of Fedhas.
  4919 | D:5      | Noticed an ogre
  4920 | D:5      | Noticed an ogre
  4927 | D:5      | Killed an ogre
  4928 | D:5      | Reached skill level 7 in Axes
  4928 | D:5      | Killed an ogre
  4929 | D:5      | Reached XP level 7. HP: 52/52 MP: 1/8
  5371 | D:4      | Killed Dowan
  5372 | D:4      | Reached skill level 8 in Axes
  5587 | D:2      | Found Ycvucw's Magic Scroll Shoppe.
  5889 | D:2      | Found a faded altar of an unknown god.
  6189 | D:5      | Identified the +11 arbalest "Beetleslayer" {freeze, rF+
                  | Int+4}
  6270 | D:5      | Found a radiant altar of Vehumet.
  6271 | D:5      | Found an iron altar of Okawaru.
  6271 | D:5      | Found a hide-covered altar of Uskayaw.
  6272 | D:5      | Found a shadowy altar of Dithmenos.
  6352 | D:5      | Noticed a yak
  6352 | D:5      | Noticed a yak
  6356 | D:5      | Noticed a yak
  6367 | D:5      | Killed a yak
  6368 | D:5      | Reached skill level 9 in Axes
  6368 | D:5      | Reached XP level 8. HP: 23/58 MP: 5/9
  6605 | D:4      | Found Gaatetza's Jewellery Emporium.
  6731 | D:4      | Slain by Duvessa

Illustrated notes

Levels and vault maps discovered:
D:1:      dpeg_arrival_solitude, layout_basic, serial_shops, shop_fountains,
          minmay_misc_feat_more_columns
D:2:      layout_loops_ring, serial_shops, nicolae_shop_behind_doors,
          shapermc_ecumenical_altar_acropolis, minmay_misc_feat_enclosed
D:3:      layout_basic
D:4:      layout_loops_ring, minmay_temple_entry_waves, serial_shops,
          nicolae_shop_stone, nicolae_shop_temple_entry_statues_fountains,
          nicolae_stop_n_shop_2, shop, shop, minmay_misc_feat_pillars,
          uniq_duvessa
D:5:      layout_basic, grunt_temple_overflow_growth_and_decay, xom_redecorated,
          amcnicky_altar_gilded, chequers_temple_overflow_statue_of_worship,
          lemuel_another_geyser
Temple:   grunt_temple_mini_profane

Skill      XL: |  1  2  3  4  5  6  7 |
---------------+----------------------+-----
Axes           | 4 5 6 7 9 |  9.1
Fighting       | |  3.2
Spellcasting   | |  1.1
Fire Magic     | |  3.0

Action                   |  1- 3 |  4- 6 |  7- 9 || total
-------------------------+-------+-------+-------++-------
Melee: Hand axe          |    80 |    76 |    40 ||   196
 Fire: Arbalest          |       |       |     3 ||     3
Throw: Dart              |       |     5 |    17 ||    22
 Cast: Scorch            |    24 |    40 |    17 ||    81
Invok: Foxfire Swarm     |       |     1 |     2 ||     3
  Use: Scroll            |       |     7 |     1 ||     8
       Potion            |       |       |     1 ||     1
Armor: Robe              |    10 |     4 |       ||    14
       Leather armour    |       |     7 |     3 ||    10
       Scale mail        |       |       |     8 ||     8
Dodge: Dodged            |    51 |    43 |    13 ||   107

Table legend: (Time is in decaauts)
 A = Elapsed time spent in this place.
 B = Non-inter-level travel time spent in this place.
 C = Inter-level travel time spent in this place.
 D = Time resting spent in this place.
 E = Time spent auto-exploring this place.
 F = Levels seen in this place.
 G = Mean time per level.
                   A        B        C        D        E       F      G
               +--------+--------+--------+--------+--------+-----+--------+
         Total |   6750 |   6274 |    476 |   1620 |   3167 |   6 | 1125.0 |
       Dungeon |   6539 |   6100 |    439 |   1620 |   2994 |   5 | 1307.8 |
        Temple |    211 |    174 |     37 |      0 |    173 |   1 |  211.0 |
               +--------+--------+--------+--------+--------+-----+--------+

Top non-repeatable levels by time:
     D:3: 1982 daAuts
     D:4: 1478 daAuts
     D:2: 1401 daAuts
     D:1: 1187 daAuts
     D:5: 489 daAuts
  Temple: 211 daAuts
